 Dungeon Crawl Stone Soup version 0.31.0-12-g77e489cdc1 (webtiles) character file.

Game seed: 724545933863281727

46 Doomgape the Covered (level 3, 0/24 HPs)
             Began as a Gargoyle Fighter on Feb 28, 2024.
             Slain by a gnoll
             ... wielding a +0 spear
              (3 damage)
             ... on level 2 of the Dungeon.
             The game lasted 00:01:22 (631 turns).

Doomgape the Covered (Gargoyle Fighter)              Turns: 631, Time: 00:01:22

Health: 0/24       AC: 10    Str: 21    XL:     3   Next: 68%
Magic:  3/3        EV:  9    Int:  8    God:
Gold:   45         SH:  4    Dex:  9    Spells: 2/2 levels left

rFire   . . .        a - +0 flail
rCold   . . .        c - +0 buckler
rNeg    + . .        b - +0 scale mail
rPois   ∞            (no helmet)
rElec   +            (no cloak)
rCorr   .            (no gloves)
SInv    .            (no boots)
Will    .....        (no amulet) Stlth
                     (no ring)
HPRegen 0.24/turn    (no ring)
MPRegen 0.08/turn

%: no passive effects
@: mighty
A: sickness immunity, AC +3, negative energy resistance 1, electricity
resistance, torment resistance 1, petrification resistance
a: no special abilities


You were on level 2 of the Dungeon.
You visited 1 branch of the dungeon, and saw 2 of its levels.

You collected 45 gold pieces.

Inventory:

Hand Weapons
 a - a +0 flail (weapon)
Armour
 b - a +0 scale mail (worn)
 c - a +0 buckler (worn)
Scrolls
 e - a scroll of teleportation {unknown}
 g - a scroll of brand weapon {unknown}
Potions
 f - a potion of cancellation {unknown}


   Skills:
 + Level 3.9 Fighting
 + Level 2.7 Maces & Flails
 + Level 3.9 Armour
 - Level 3.2 Shields


You had 2 spell levels left.
You didn't know any spells.
Your spell library was empty.

Dungeon Overview and Level Annotations

Branches:
Dungeon (2/15)

Altars:

Shops:
D:1 [


Innate Abilities, Weirdness & Mutations

You are immune to sickness and miasma.
Your stone body is resilient. (AC +3)
You are immune to poison.
You resist negative energy. (rN+)
You are resistant to electric shocks. (rElec)
You are resistant to unholy torment.
You are immune to petrification.


Message History

You sock Terence!
Terence is heavily wounded.
Terence closely misses you. The gnoll completely misses you.
The gnoll hits you but does no damage. Terence hits you but does no damage.
The gnoll barely misses you.
The gnoll hits you from afar with a +0 spear.
Unknown command.
You feel very mighty all of a sudden. Terence misses you.
The gnoll hits you from afar with a +0 spear.
The gnoll barely misses you.
Unknown command.
You hit Terence.
Terence is heavily wounded.
Terence hits you with a +0 short sword. You block the gnoll's attack.
The gnoll closely misses you.
Unknown command.
You barely miss Terence.
Terence is heavily wounded.
Terence hits you with a +0 short sword.
The gnoll hits you from afar with a +0 spear.
The gnoll hits you but does no damage.
Unknown command.
You hit Terence.
Terence is severely wounded.
Terence closely misses you.
The gnoll hits you from afar with a +0 spear.
* * * LOW HITPOINT WARNING * * *
The gnoll barely misses you. You block Terence's attack.
The gnoll barely misses you. You block the gnoll's attack.
You thump Terence!
You kill Terence!
The gnoll hits you but does no damage.
The gnoll hits you from afar with a +0 spear.
* * * LOW HITPOINT WARNING * * *
Unknown command.
Unknown command.
You closely miss the gnoll.
The gnoll hits you from afar with a +0 spear.
You die...

♣. ## .## ##+. #.
.. ##.♣.♣# #.###.#
##.....# #.....##
##.......
#..#...#.##........
#..gg.....+........
#..g.....##........
##@## #.......
#...### ##.....#
#.....## ##...##
#...#..## #♣.♣♣
#####.P.# ♣♣..♣♣
#.PP# ♣....♣ #.P.#
♣PP.P♣
#..######♣♣♣P..
#.........♣P♣..


You could see 3 gnolls.

Vanquished Creatures
  Terence (D:2)
  A dart slug (D:1)
  2 ball pythons (D:1)
  2 goblins (D:1)
  2 hobgoblins (D:1)
  2 kobolds
  A quokka (D:1)
  8 bats (D:1)
  2 rats (D:1)
21 creatures vanquished.

Notes
Turn   | Place    | Note
-------+----------+-------------------------------------------
     0 | D:1      | Doomgape the Gargoyle Fighter began the quest for the Orb.
     0 | D:1      | Reached XP level 1. HP: 14/14 MP: 1/1
    88 | D:1      | Reached XP level 2. HP: 15/19 MP: 2/2
   180 | D:1      | Found Seddo's Armour Shop.
   401 | D:1      | Reached XP level 3. HP: 23/24 MP: 3/3
   405 | D:1      | You fall into a shaft and drop 1 floor!
   624 | D:2      | Noticed Terence
   630 | D:2      | Killed Terence
   631 | D:2      | Slain by a gnoll

Illustrated notes

Levels and vault maps discovered:
D:1:      ebering_trefoil_3fold, layout_basic, serial_shops,
          nicolae_shop_tiny_glass
D:2:      layout_loops_corners, serial_forest, infiniplex_forest_clump_tiny,
          infiniplex_forest_end_double, infiniplex_forest_lined_room_,
          infiniplex_forest_clump_tiny, infiniplex_forest_lined_1,
          infiniplex_forest_clump_small, infiniplex_forest_end_3, uniq_terence

Action                     || total
---------------------------++-------
  Melee: Flail             ||    75
    Use: Potion            ||     1
 Armour: Scale mail        ||    88
  Dodge: Dodged            ||    64
  Block: Buckler           ||    20
